[Event "*** Titled Tuesday Blitz"]
[Site "Chess.com"]
[Date "2020.05.12"]
[Round "10"]
[White "SameerMujumdar"]
[Black "DishonorOnYourCow"]
[Result "0-1"]
[WhiteElo "2191"]
[BlackElo "2339"]
[TimeControl "180+1"]
[EndTime "11:48:33 PDT"]
[Termination "DishonorOnYourCow won by resignation"]

1. e4 c5 2. Nc3 Nc6 3. g3 g6 4. Bg2 Bg7 5. d3 d6 6. Be3 e6 7.
Qd2 Nge7 8. Bh6 Bxh6 9. Qxh6 Ng8 10. Qd2 Nf6 11. h3 a6 12. O-O-O Rb8 13. f4 Nd4 14.
Nce2 b5 15. Nxd4 cxd4 16. e5 dxe5 17. fxe5 Nd5 18. Bxd5 Qxd5 19. Kb1 Qxh1 0-1

[Event "*** Titled Tuesday Blitz"]
[Site "Chess.com"]
[Date "2020.05.12"]
[Round "10"]
[White "GMsKoRPioN"]
[Black "Susal_De_Silva"]
[Result "0-1"]
[WhiteElo "2390"]
[BlackElo "2283"]
[TimeControl "180+1"]
[EndTime "11:49:04 PDT"]
[Termination "Susal_De_Silva won by resignation"]

1. d4 Nf6 2. c4 e6 3. Nc3 Bb4 4. Qc2 c5 5. dxc5 O-O 6. a3 Bxc3+ 7.
Qxc3 Qc7 8. Qd4 Nc6 9. Qf4 Qa5+ 10. b4 Nxb4 11. axb4 Qxa1 12. Nf3 a5 13. b5 a4 14. e3 Qxc1+ 15. Ke2 a3 16. e4 Qxf4 0-1

[Event "*** Titled Tuesday Blitz"]
[Site "Chess.com"]
[Date "2020.05.12"]
[Round "10"]
[White "DanilNajdin"]
[Black "bmt011"]
[Result "1-0"]
[WhiteElo "2287"]
[BlackElo "2089"]
[TimeControl "180+1"]
[EndTime "11:49:10 PDT"]
[Termination "DanilNajdin won by resignation"]

1. e4 e6 2. d4 d5 3. Nd2 Nc6 4.
Ngf3 Nf6 5. e5 Nd7 6. c3 f6 7.
exf6 Qxf6 8. Bd3 Bd6 9. O-O O-O 10. Re1 e5 11. Qb3 Nb6 12. Ne4 Qf7 13. Neg5 Qf6 14. Nxh7 1-0

[Event "*** Titled Tuesday Blitz"]
[Site "Chess.com"]
[Date "2020.05.12"]
[Round "10"]
[White "Konovalova_Vera"]
[Black "salomez"]
[Result "1/2-1/2"]
[WhiteElo "2121"]
[BlackElo "2240"]
[TimeControl "180+1"]
[EndTime "11:49:10 PDT"]
[Termination "Game drawn by agreement"]

1. d4 Nf6 2. Nf3 g6 3. e3 Bg7 4. Bd3 d5 5. b3 O-O 6. Bb2 c5 7.
Nbd2 cxd4 8. exd4 Nc6 9. O-O Bf5 10. Bxf5 gxf5 11. c4 e6 12. Ne5 Nxe5 13. dxe5 Ne4 14. cxd5 Qxd5 15. Nxe4 Qxe4 16. Re1 Qh4 17. Qf3 b6 1/2-1/2

[Event "*** Titled Tuesday Blitz"]
[Site "Chess.com"]
[Date "2020.05.12"]
[Round "10"]
[White "joppie2"]
[Black "Arjun2002"]
[Result "0-1"]
[WhiteElo "2856"]
[BlackElo "2684"]
[TimeControl "180+1"]
[EndTime "11:49:13 PDT"]
[Termination "Arjun2002 won by resignation"]

1. e4 c5 2. Nf3 Nc6 3. c3 d5 4. exd5 Qxd5 5. d4 Bf5 6. Be3 Nf6 7. Na3 cxd4 8. Nb5 O-O-O 9. Nbxd4 Ng4 10. Nxc6 Qxd1+ 11. Rxd1 Rxd1+ 12. Kxd1 Nxe3+ 13. fxe3 bxc6 14. Nd4 Bd7 15. Bc4 e5 16. Nf3 f6 17. Kc2 Kc7 18. e4 a5 19. a3 Bc5 20. b4 Bb6 21. Nd2 Ra8 22. Bb3 axb4 23. axb4 Rd8 24. Nc4 Be6 25. Ra1 Bxc4 26.
Ra2 Bxb3+ 0-1

[Event "*** Titled Tuesday Blitz"]
[Site "Chess.com"]
[Date "2020.05.12"]
[Round "10"]
[White "luizwas"]
[Black "MFguimaraes"]
[Result "0-1"]
[WhiteElo "1778"]
[BlackElo "2448"]
[TimeControl "180+1"]
[EndTime "11:49:13 PDT"]
[Termination "MFguimaraes won by resignation"]

1. e4 e5 2. Nf3 Nc6 3. Bc4 Nf6 4. Ng5 d5 5. exd5 Na5 6. Bb5+ c6 7. dxc6 bxc6 8. Be2 h6 9. Nf3 e4 10. Ne5 Qd4 11.
f4 Bd6 12. c3 Qb6 13. d4 exd3 14. Nxd3 O-O 15. b4 Nc4 16. Nd2 Ne3 17. Qb3 Nxg2+ 18. Kd1 Ne3+ 19. Ke1 Be6 20. c4 Ng2+ 21. Kd1 Nxf4 22.
c5 Bxb3+ 0-1

[Event "*** Titled Tuesday Blitz"]
[Site "Chess.com"]
[Date "2020.05.12"]
[Round "10"]
[White "KarstenHansch"]
[Black "Poghosyan_Suren"]
[Result "0-1"]
[WhiteElo "2377"]
[BlackElo "2507"]
[TimeControl "180+1"]
[EndTime "11:49:21 PDT"]
[Termination "Poghosyan_Suren won by resignation"]

1. e4 e6 2. d4 d5 3. exd5 exd5 4. Nf3 Nc6 5. Bb5 Bg4 6. h3 Bh5 7. O-O Bd6 8. c4 dxc4 9. d5 a6 10. dxc6 axb5 11. cxb7 Rb8 12. g4 Bg6 13. Qd5 Bh2+ 0-1

[Event "*** Titled Tuesday Blitz"]
[Site "Chess.com"]
[Date "2020.05.12"]
[Round "10"]
[White "FairChess_on_YouTube"]
[Black "Gareth-Bale11"]
[Result "0-1"]
[WhiteElo "3033"]
[BlackElo "2736"]
[TimeControl "180+1"]
[EndTime "11:49:25 PDT"]
[Termination "Gareth-Bale11 won by resignation"]

1. b4 a5 2. b5 Nf6 3. Bb2 b6 4. f3 d5 5. g4 e6 6. Nh3 Bd6 7. g5 Nh5 8. e4 e5 9. Nc3 Bxh3 10. Bxh3 Qxg5 11. Kf1 Nf4 12. Rg1 Qh4 13. Bc8 Nd7 14. Bxd7+ Kxd7 15. Nxd5 Qh3+ 16. Kf2 Qxh2+ 17. Kf1 Nh3 0-1

[Event "*** Titled Tuesday Blitz"]
[Site "Chess.com"]
[Date "2020.05.12"]
[Round "10"]
[White "MarcoRiehle"]
[Black "InitiatingASC"]
[Result "1-0"]
[WhiteElo "2630"]
[BlackElo "2365"]
[TimeControl "180+1"]
[EndTime "11:49:36 PDT"]
[Termination "MarcoRiehle won by checkmate"]

1. e4 c5 2. a3 Nc6 3. b4 e6 4. bxc5 Bxc5 5. c3 Nf6 6. d4 Be7 7. Bd3 d6 8. f4 O-O 9. Nf3 b6 10.
O-O Bb7 11. Be3 Rc8 12. Nbd2 Na5 13. c4 d5 14. cxd5 exd5 15. e5 Ne4 16. Qb1 Rc3 17. Re1 f5 18. exf6 Nxf6 19. Ne5 Bxa3 20. Ndf3 Bd6 21. Ng5 Rb3 22. Bxh7+ Kh8 23. Ng6# 1-0

[Event "*** Titled Tuesday Blitz"]
[Site "Chess.com"]
[Date "2020.05.12"]
[Round "10"]
[White "EddieMarsalla"]
[Black "crescentmoon2411"]
[Result "0-1"]
[WhiteElo "2542"]
[BlackElo "2780"]
[TimeControl "180+1"]
[EndTime "11:49:43 PDT"]
[Termination "crescentmoon2411 won by resignation"]

1. d4 Nf6 2. Bg5 d5 3. Nd2 c5 4. e3 Nc6 5. c3 cxd4 6. exd4 Bf5 7. Qb3 Qd7 8. Ngf3 e6 9. Ne5 Qc7 10. Be2 Bd6 11. f4 Ne4 12. Nxe4 Bxe4 13. O-O f6 14.
Nxc6 bxc6 15. Bh4 Bxf4 16. h3 Rb8 17. Qa3 Bd6 18. b4 O-O 19. Qc1 e5 20. dxe5 Bxe5 21. Qd2 c5 22. Rac1 cxb4 23. cxb4 Qb6+ 24. Bf2 Qxb4 25.
Qxb4 Rxb4 26. Bc5 Bd4+ 27. Bxd4 Rxd4 0-1

[Event "*** Titled Tuesday Blitz"]
[Site "Chess.com"]
[Date "2020.05.12"]
[Round "10"]
[White "PlayChessSimple"]
[Black "Chichin_chao"]
[Result "1-0"]
[WhiteElo "2503"]
[BlackElo "2367"]
[TimeControl "180+1"]
[EndTime "11:49:44 PDT"]
[Termination "PlayChessSimple won by resignation"]

1. e4 c5 2. Nf3 e6 3. c3 Nf6 4. e5 Nd5 5. Bc4 d6 6. d4 cxd4 7. cxd4 Nb6 8. Bb3 dxe5 9. dxe5 Qxd1+ 10. Kxd1 Bd7 11. Nc3 Bc6 12. Ke2 N8d7 13. Be3 Bxf3+ 14. gxf3 Nxe5 15. Nb5 Kd7 16. Rhd1+ Kc8 17. Nxa7+ Kc7 18. Rac1+ 1-0

[Event "*** Titled Tuesday Blitz"]
[Site "Chess.com"]
[Date "2020.05.12"]
[Round "10"]
[White "northridgehawk"]
[Black "MasterKroket"]
[Result "0-1"]
[WhiteElo "2247"]
[BlackElo "2415"]
[TimeControl "180+1"]
[EndTime "11:49:47 PDT"]
[Termination "MasterKroket won by checkmate"]

1. e4 c5 2. Nf3 e6 3. d4 cxd4 4. Nxd4 Nc6 5. Nc3 Qc7 6. f4 Nxd4 7. Qxd4 b6 8. e5 a6 9. Be3 Bc5 10. Qd2 Bb7 11. O-O-O Bxe3 12. Qxe3 Ne7 13. g4 Bxh1 14. Ne4 Bxe4 15. Qxe4 O-O 16. Bd3 g6 17. h4 Qc6 18. Qe3 Nd5 19. Qh3 Nb4 20. h5 Rac8 21. c3 Nxd3+ 22. Rxd3 Qe4 23. Rf3 Rc5 24. Qg3 Qe2 25.
Rf2 Qe1+ 26. Kc2 Rd5 27. Qf3 f6 28. hxg6 hxg6 29. Re2 Qd1# 0-1

[Event "*** Titled Tuesday Blitz"]
[Site "Chess.com"]
[Date "2020.05.12"]
[Round "10"]
[White "Evgeny81"]
[Black "Megagigahiper3345"]
[Result "1/2-1/2"]
[WhiteElo "2720"]
[BlackElo "2538"]
[TimeControl "180+1"]
[EndTime "11:49:48 PDT"]
[Termination "Game drawn by agreement"]

1. d4 f5 2. g3 Nf6 3. Bg2 e6 4. c4 Be7 5. Nf3 O-O 6. O-O d6 7. b3 Ne4 8. Bb2 Bf6 9. Nc3 Nc6 10. e3 Nxc3 11. Bxc3 e5 12. dxe5 dxe5 13. Qd5+ Kh8 14. Qxd8 Rxd8 15. Rad1 Be6 16. Nd2 Rd3 17. Nb1 Rad8 18.
Bf3 Kg8 19. Be2 Rxd1 20. Rxd1 Rxd1+ 21. Bxd1 1/2-1/2

[Event "*** Titled Tuesday Blitz"]
[Site "Chess.com"]
[Date "2020.05.12"]
[Round "10"]
[White "VishnuPrasanna"]
[Black "rasmussvane"]
[Result "0-1"]
[WhiteElo "2696"]
[BlackElo "2889"]
[TimeControl "180+1"]
[EndTime "11:49:51 PDT"]
[Termination "rasmussvane won by resignation"]

1. e4 c6 2. d4 d5 3. e5 Bf5 4.
Bd3 Bxd3 5. Qxd3 e6 6. Ke2 c5 7. Nf3 Nc6 8. c3 Rc8 9. a3 Nge7 10. Bg5 Qb6 11. b4 cxd4 12. cxd4 Nf5 13. Rd1 Be7 14. Bxe7 Ncxe7 15. Nc3 O-O 16. Na4 Qc6 17. Nc5 b6 18. Na6 Qa4 19. Rdc1 Rc4 20. Rxc4 dxc4 21. Qxc4 Rc8 22.
Qd3 Nd5 23. Kf1 Nf4 0-1

[Event "*** Titled Tuesday Blitz"]
[Site "Chess.com"]
[Date "2020.05.12"]
[Round "10"]
[White "babyking1205"]
[Black "Caisachess"]
[Result "1-0"]
[WhiteElo "2489"]
[BlackElo "2331"]
[TimeControl "180+1"]
[EndTime "11:50:00 PDT"]
[Termination "babyking1205 won by resignation"]

1. e4 e5 2. Bc4 Nf6 3. d3 Nc6 4. Nc3 Na5 5. Bb3 Nxb3 6. axb3 d5 7. exd5 Nxd5 8. Nf3 f6 9. O-O Be7 10. d4 Nxc3 11.
bxc3 exd4 12. Nxd4 O-O 13. Re1 Bd6 14. Qf3 Qd7 15.
Bf4 Bxf4 16. Qxf4 Qf7 17. Nb5 Bd7 18. Nxc7 Rac8 19. c4 g5 20. Qd6 Bf5 21. Nd5 Kh8 22. Re7 Qg6 23. Rxb7 Bxc2 24. Ne7 Qe4 25. Nxc8 1-0

[Event "*** Titled Tuesday Blitz"]
[Site "Chess.com"]
[Date "2020.05.12"]
[Round "10"]
[White "WonderChampion"]
[Black "Bagirova"]
[Result "1/2-1/2"]
[WhiteElo "1906"]
[BlackElo "2191"]
[TimeControl "180+1"]
[EndTime "11:50:19 PDT"]
[Termination "Game drawn by agreement"]

1. e4 e6 2. d4 d5 3. Nc3 dxe4 4.
Nxe4 Nd7 5. Nf3 Ngf6 6. Bg5 Be7 7. Bxf6 Nxf6 8. Nxf6+ Bxf6 9. c3 O-O 10. Bd3 Qe7 11. O-O c5 12. dxc5 Qxc5 13. Qe2 Qc7 14. Rfd1 Bd7 15.
Rd2 Bc6 16. Rad1 Rad8 17. Be4 Rxd2 18. Rxd2 Rd8 19. Bxc6 bxc6 20. h3 h6 21. Rxd8+ Qxd8 22. Qd2 Qb6 23. b3 c5 24. c4 Qc6 25. Kf1 Qb6 1/2-1/2

[Event "*** Titled Tuesday Blitz"]
[Site "Chess.com"]
[Date "2020.05.12"]
[Round "10"]
[White "j2806"]
[Black "H3nriqueTV"]
[Result "0-1"]
[WhiteElo "1967"]
[BlackElo "2168"]
[TimeControl "180+1"]
[EndTime "11:50:23 PDT"]
[Termination "H3nriqueTV won by resignation"]

1. e4 c6 2. d4 g6 3. Nc3 Bg7 4. Be3 d5 5. e5 Bf5 6. Bd3 Bxd3 7.
Qxd3 Nd7 8. f4 e6 9. Nf3 Ne7 10. O-O-O Qa5 11. g4 b5 12. Kb1 b4 13. Ne2 Rb8 14.
Nh4 c5 15. dxc5 Nxc5 16. Qd4 Rc8 17. Nc1 h5 18. h3 Qc7 19. Qxb4 Ne4 20. Qb3 Rb8 21.
Qd3 Nc6 22. Nb3 Nb4 23. Qe2 a5 24. a3 a4 25. Nd4 Nc6 26. Nxc6 Nc3+ 0-1

[Event "*** Titled Tuesday Blitz"]
[Site "Chess.com"]
[Date "2020.05.12"]
[Round "10"]
[White "Beca95"]
[Black "ljuks68"]
[Result "1-0"]
[WhiteElo "2885"]
[BlackElo "2419"]
[TimeControl "180+1"]
[EndTime "11:50:27 PDT"]
[Termination "Beca95 won by resignation"]

1. e4 e6 2. Qe2 Be7 3. d3 d5 4.
Nd2 Nf6 5. f4 O-O 6. Ngf3 c5 7. c3 Nc6 8. g3 b5 9. Bg2 b4 10. c4 dxe4 11. dxe4 Bb7 12. e5 Ng4 13. h3 Nh6 14. g4 Bh4+ 15. Nxh4 Qxh4+ 16. Qf2 Qxf2+ 17. Kxf2 f6 18. exf6 gxf6 19. Ne4 Nd4 20. Nxf6+ Rxf6 21. Bxb7 Rb8 22. Be4 Nf7 23. b3 e5 24. f5 Nd6 25. Bd5+ Kg7 26. Bg5 Rff8 27. Be7 N6xf5 28. Bxf8+ 1-0

[Event "*** Titled Tuesday Blitz"]
[Site "Chess.com"]
[Date "2020.05.12"]
[Round "10"]
[White "tteshan"]
[Black "MoreChessJulia"]
[Result "1-0"]
[WhiteElo "2193"]
[BlackElo "1810"]
[TimeControl "180+1"]
[EndTime "11:50:29 PDT"]
[Termination "tteshan won by checkmate"]

1. e4 c6 2. d4 d5 3. Nc3 g6 4. exd5 cxd5 5. Nf3 Bg7 6. Be2 a6 7. O-O Nf6 8. Ne5 O-O 9. Be3 b5 10. Qd2 Bb7 11. a3 Re8 12. Bh6 Bh8 13. h4 Nfd7 14. Nxd7 Qxd7 15. Rae1 Nc6 16. Be3 Rad8 17. Bf3 e6 18. h5 Ne7 19. hxg6 hxg6 20. g3 Nf5 21. Kg2 a5 22. Rh1 b4 23. axb4 axb4 24. Ne2 Rc8 25. Bf4 Ba6 26. Be5 f6 27. Rxh8+ Kxh8 28. Bxf6+ Kg8 29. Qg5 Qf7 30. Rh1 Ng7 31. Nf4 Rxc2 32. Nxg6 Bd3 33. Rh8# 1-0

[Event "*** Titled Tuesday Blitz"]
[Site "Chess.com"]
[Date "2020.05.12"]
[Round "10"]
[White "2008king"]
[Black "talaicito"]
[Result "0-1"]
[WhiteElo "2106"]
[BlackElo "2242"]
[TimeControl "180+1"]
[EndTime "11:50:40 PDT"]
[Termination "talaicito won by resignation"]

1. e4 e6 2. d4 d5 3. Nc3 Bb4 4. exd5 exd5 5. Bd3 Ne7 6. a3 Bd6 7. Nf3 c6 8. h3 h6 9. O-O Be6 10. Re1 Nd7 11. Ne2 Qc7 12. Be3 O-O-O 13. Qd2 g5 14. Ng3 Bxg3 15. fxg3 Qxg3 16. Ne5 Nxe5 17. dxe5 Kb8 18.
Qa5 Nc8 19. Bf2 Qf4 20. Be3 Qh4 21. Bf2 Qh5 22. b4 g4 23. h4 g3 24. Bxg3 Rdg8 25. Re3 Rxg3 26. Rxg3 Qxe5 0-1

[Event "*** Titled Tuesday Blitz"]
[Site "Chess.com"]
[Date "2020.05.12"]
[Round "10"]
[White "igorcadilhac"]
[Black "FMOlexandrProhorov"]
[Result "1/2-1/2"]
[WhiteElo "2344"]
[BlackElo "2122"]
[TimeControl "180+1"]
[EndTime "11:50:42 PDT"]
[Termination "Game drawn by agreement"]

1. e4 c5 2. Nf3 e6 3. d4 cxd4 4. Nxd4 Qb6 5. Nb3 Nf6 6. Be3 Qc7 7. Nc3 Bb4 8. Qd3 d5 9. exd5 Nxd5 10. Bd4 Nxc3 11.
bxc3 Bf8 12. Be2 Nc6 13. O-O Nxd4 14. cxd4 Bd6 15. h4 O-O 16. c4 b6 17. Bf3 Bb7 18.
Rac1 Rfd8 19. h5 h6 20. Rfe1 Rac8 21. Qe2 Ba6 22. Nd2 Bb4 1/2-1/2

[Event "*** Titled Tuesday Blitz"]
[Site "Chess.com"]
[Date "2020.05.12"]
[Round "10"]
[White "SPEEDSKATER"]
[Black "Andreikka"]
[Result "0-1"]
[WhiteElo "2768"]
[BlackElo "2937"]
[TimeControl "180+1"]
[EndTime "11:50:47 PDT"]
[Termination "Andreikka won by resignation"]

1. d4 Nf6 2. c4 e6 3. Nf3 d5 4. Nc3 Bb4 5. Qb3 c5 6. dxc5 Nc6 7. a3 Bxc5 8. Bg5 d4 9. Ne4 Be7 10. Nxf6+ Bxf6 11. Bxf6 Qxf6 12. g3 e5 13. Bg2 e4 14.
Nd2 e3 15. fxe3 O-O 16. Ne4 Qe7 17. Kf1 dxe3 18. c5 Be6 19. Qxe3 Bd5 20. Rd1 Rad8 21.
Kf2 Rfe8 0-1

[Event "*** Titled Tuesday Blitz"]
[Site "Chess.com"]
[Date "2020.05.12"]
[Round "10"]
[White "GMJustin"]
[Black "Buffy7"]
[Result "0-1"]
[WhiteElo "2336"]
[BlackElo "2650"]
[TimeControl "180+1"]
[EndTime "11:51:07 PDT"]
[Termination "Buffy7 won on time"]

1. d4 d6 2. e4 Nf6 3. Nc3 e5 4. dxe5 dxe5 5. Qxd8+ Kxd8 6. f4 Nbd7 7. Nf3 Bb4 8. Bd3 Re8 9. fxe5 Nxe5 10. Nxe5 Rxe5 11. Bf4 Ra5 12. O-O-O Bxc3 13. bxc3 Be6 14. e5 Nd5 15. Bg5+ Ke8 16. c4 Nb6 17. Bxh7 Nxc4 0-1

[Event "*** Titled Tuesday Blitz"]
[Site "Chess.com"]
[Date "2020.05.12"]
[Round "10"]
[White "wild_cat99"]
[Black "Firehand33"]
[Result "0-1"]
[WhiteElo "2592"]
[BlackElo "2727"]
[TimeControl "180+1"]
[EndTime "11:51:13 PDT"]
[Termination "Firehand33 won by resignation"]

1. Nf3 b6 2. e4 Bb7 3. Nc3 g6 4. d4 Bg7 5. Bd3 d6 6. O-O Nd7 7. Re1 e6 8. Ne2 Ne7 9. b3 c5 10. Bb2 O-O 11. c4 e5 12. dxe5 Nxe5 13. Ng3 Nxf3+ 14. Qxf3 Bxb2 15. Rab1 Bg7 16. Qe3 Nc6 17. a3 Nd4 18. b4 Qh4 19. Ne2 Nxe2+ 20. Qxe2 Rae8 21. bxc5 dxc5 22. g3 Qh3 23. Qc2 f5 24. Bf1 Qh6 25. exf5 gxf5 26. Bg2 Bxg2 27. Kxg2 Qc6+ 28.
f3 f4 29. Re4 Rxe4 30. Qxe4 Qxe4 31. fxe4 f3+ 32. Kf2 Bd4+ 33. Kf1 f2 34. Rb3 Re8 35. a4 Rxe4 36. a5 Re1+ 0-1

[Event "*** Titled Tuesday Blitz"]
[Site "Chess.com"]
[Date "2020.05.12"]
[Round "10"]
[White "Andrei_Belozerov"]
[Black "artooon"]
[Result "1-0"]
[WhiteElo "2612"]
[BlackElo "2719"]
[TimeControl "180+1"]
[EndTime "11:51:18 PDT"]
[Termination "Andrei_Belozerov won by checkmate"]

1. e4 e5 2. Nf3 Nc6 3. Bb5 Nf6 4. O-O Bc5 5. c3 a6 6. Ba4 Nxe4 7. d4 exd4 8. cxd4 Ba7 9. d5 Ne7 10. Qe2 Nf6 11.
d6 cxd6 12. Bg5 O-O 13. Bxf6 gxf6 14. Nc3 Ng6 15. Nd5 b5 16. Bb3 Bb7 17. Rad1 Re8 18.
Qxe8+ Qxe8 19. Nxf6+ Kg7 20. Nxe8+ Rxe8 21. Rfe1 Rxe1+ 22. Nxe1 Bc5 23. Nd3 Bb6 24. Nb4 Bc5 25. Bd5 Ne5 26.
Bxb7 Bxb4 27. Bxa6 Nc4 28. Bxb5 Nxb2 29. Rb1 Bc3 30.
a4 d5 31. a5 d4 32. a6 d3 33. a7 d2 34. a8=Q Nd3 35. Bxd3 Bb2 36. Qf3 Bc1 37.
Qg4+ Kf8 38. Rb7 h5 39. Qf3 Kg7 40. Rxd7 Kh8 41. Qf6+ Kg8 42. Rd8# 1-0

[Event "*** Titled Tuesday Blitz"]
[Site "Chess.com"]
[Date "2020.05.12"]
[Round "10"]
[White "Flawless_Fighter"]
[Black "AlexZambrano"]
[Result "1-0"]
[WhiteElo "2470"]
[BlackElo "2304"]
[TimeControl "180+1"]
[EndTime "11:51:20 PDT"]
[Termination "Flawless_Fighter won by resignation"]

1. e4 d5 2. exd5 Qxd5 3. Nc3 Qd6 4. d4 c6 5. Nf3 Bg4 6. Be2 Nf6 7. h3 Bxf3 8. Bxf3 Nbd7 9. O-O e6 10. Re1 Be7 11. Ne4 Nxe4 12. Bxe4 Nf6 13. Bf3 O-O 14. a4 Rfd8 15. c3 Qc7 16. Qe2 c5 17. Be3 Nd5 18.
Rad1 Nxe3 19. Qxe3 cxd4 20. cxd4 Bf6 21. b4 Rac8 22. d5 exd5 23. Bxd5 Bc3 24. Rc1 Rxd5 25. Qe8+ 1-0

[Event "*** Titled Tuesday Blitz"]
[Site "Chess.com"]
[Date "2020.05.12"]
[Round "10"]
[White "giantslayer83"]
[Black "smshk35"]
[Result "1-0"]
[WhiteElo "2680"]
[BlackElo "2403"]
[TimeControl "180+1"]
[EndTime "11:51:26 PDT"]
[Termination "giantslayer83 won by resignation"]

1. d4 Nf6 2. Bg5 e6 3. Nd2 h6 4. Bh4 d6 5. e4 Be7 6. Bd3 e5 7.
Ngf3 Nbd7 8. c3 c6 9. Bg3 Nh5 10.
dxe5 Nxg3 11. hxg3 Nxe5 12. Bc2 O-O 13. Qe2 Bg4 14.
Qe3 Qb6 15. Qxb6 axb6 16. Nxe5 dxe5 17. Nc4 Be6 18. Nxe5 Rxa2 19. Rxa2 Bxa2 20. b3 Bf6 21. f4 Ra8 22. Kd2 Bxe5 23. fxe5 c5 24. Ra1 c4 25. Kc1 cxb3 26. Bxb3 Ra3 27. Bxa2 Rxc3+ 28. Kd2 Rxg3 29. Bd5 Rxg2+ 30. Ke3 h5 31. Ra8+ Kh7 32. Bxf7 1-0

[Event "*** Titled Tuesday Blitz"]
[Site "Chess.com"]
[Date "2020.05.12"]
[Round "10"]
[White "BhulseATX"]
[Black "CHENNAIBOND"]
[Result "1-0"]
[WhiteElo "1974"]
[BlackElo "1300"]
[TimeControl "180+1"]
[EndTime "11:51:26 PDT"]
[Termination "BhulseATX won by resignation"]

1. d4 Nf6 2. Nf3 d5 3. c4 e6 4. Nc3 Bb4 5. Qa4+ Nc6 6. e3 O-O 7. a3 Bxc3+ 8. bxc3 Bd7 9. Qc2 Ne4 10. Bd3 f5 11.
O-O g5 12. cxd5 exd5 13. c4 Be6 14. cxd5 Bxd5 15. Bc4 g4 16. Nd2 Kh8 17. Bxd5 Qxd5 18. f3 gxf3 19. Nxf3 Rg8 20. Rb1 Rg7 21. Rxb7 Rag8 22.
Nh4 Nxd4 23. exd4 Qxb7 24. Bf4 Nd6 25. Be5 1-0

[Event "*** Titled Tuesday Blitz"]
[Site "Chess.com"]
[Date "2020.05.12"]
[Round "10"]
[White "TST2014"]
[Black "Nafania1"]
[Result "0-1"]
[WhiteElo "2571"]
[BlackElo "2451"]
[TimeControl "180+1"]
[EndTime "11:51:28 PDT"]
[Termination "Nafania1 won on time"]

1. d4 Nf6 2. c4 e6 3. Nf3 Bb4+ 4. Bd2 a5 5. g3 d5 6. Qc2 O-O 7. Bg2 c6 8. O-O Be7 9. Bf4 Nh5 10. Be3 Nd7 11.
Nbd2 f5 12. Rac1 g5 13. Nb1 f4 14. Bd2 g4 15. Ne5 Nxe5 16. dxe5 Qe8 17. f3 Bc5+ 18.
Kh1 Nxg3+ 19. hxg3 Qh5+ 0-1

[Event "*** Titled Tuesday Blitz"]
[Site "Chess.com"]
[Date "2020.05.12"]
[Round "10"]
[White "Vusatiuk_Vladimir"]
[Black "DonPreuss"]
[Result "1-0"]
[WhiteElo "2329"]
[BlackElo "2184"]
[TimeControl "180+1"]
[EndTime "11:51:30 PDT"]
[Termination "Vusatiuk_Vladimir won by resignation"]

1. e4 Nc6 2. d4 e5 3. Nf3 exd4 4.
Nxd4 Bc5 5. Nb3 Bb6 6. Nc3 a6 7. Nd5 Ba7 8. Qe2 d6 9. Bf4 Nge7 10. O-O-O O-O 11. f3 Ng6 12. Bd2 f5 13. h4 fxe4 14.
h5 Nge5 15. Qxe4 Bf5 16. Qe1 a5 17. Nxa5 Nxa5 18. Bxa5 Bc5 19. Bxc7 Qd7 20. a3 Bxa3 21.
bxa3 Rxa3 22. Qb4 Ra1+ 23. Kd2 Rxd1+ 24. Kxd1 Qc6 25. Ne7+ Kh8 26. Nxc6 bxc6 27. Bxd6 Rd8 28. Kc1 1-0

[Event "*** Titled Tuesday Blitz"]
[Site "Chess.com"]
[Date "2020.05.12"]
[Round "10"]
[White "Love_craft"]
[Black "BogdanDeac"]
[Result "0-1"]
[WhiteElo "2618"]
[BlackElo "2902"]
[TimeControl "180+1"]
[EndTime "11:51:31 PDT"]
[Termination "BogdanDeac won by resignation"]

1. d4 Nf6 2. c4 e6 3. Nc3 Bb4 4. e3 O-O 5. Ne2 c6 6. a3 Ba5 7.
b4 Bc7 8. e4 d6 9. f3 e5 10. d5 a5 11. Be3 axb4 12. axb4 Rxa1 13. Qxa1 cxd5 14. Nxd5 Nxd5 15. exd5 Bb6 16. c5 Bc7 17. Nc3 dxc5 18. Bxc5 Bd6 19. Qb2 Bxc5 20. bxc5 Qa5 21. Bb5 Nd7 22. c6 bxc6 23. dxc6 Nb8 24. Ke2 Ba6 25. Rc1 Nxc6 26. Bxa6 Qxa6+ 27. Qb5 Nd4+ 0-1

[Event "*** Titled Tuesday Blitz"]
[Site "Chess.com"]
[Date "2020.05.12"]
[Round "10"]
[White "chito89"]
[Black "swimmerchess"]
[Result "0-1"]
[WhiteElo "2759"]
[BlackElo "2853"]
[TimeControl "180+1"]
[EndTime "11:51:32 PDT"]
[Termination "swimmerchess won by resignation"]

1. e4 e5 2. Nf3 Nc6 3. d4 exd4 4. Nxd4 Nf6 5. Nxc6 bxc6 6. e5 Qe7 7. Qe2 Nd5 8. Nd2 g6 9. c4 Ba6 10. Nf3 Bg7 11.
Bg5 Qb4+ 12. Qd2 Qxd2+ 13. Kxd2 Nb6 14. b3 d5 15. cxd5 Bxf1 16. Rhxf1 cxd5 17. Rac1 Kd7 18. Rc5 Rhe8 19. Rfc1 Rac8 20. Bf4 Bf8 21. e6+ Kxe6 22. Rxc7 Rxc7 23. Rxc7 Re7 24. Nd4+ Kf6 25. Rc6+ Kg7 26. Bg5 Re4 27. Bf6+ Kg8 28. f3 Re8 29. Rc7 a5 30. Nc6 a4 31. Bd4 axb3 32. axb3 Nc8 33. b4 Nd6 34. Kd3 Nb5 35. Bc5 Nxc7 0-1

[Event "*** Titled Tuesday Blitz"]
[Site "Chess.com"]
[Date "2020.05.12"]
[Round "10"]
[White "Papa12341234"]
[Black "Angel_Hranitel_37"]
[Result "1-0"]
[WhiteElo "2506"]
[BlackElo "2358"]
[TimeControl "180+1"]
[EndTime "11:51:32 PDT"]
[Termination "Papa12341234 won by checkmate"]

1. e4 c5 2. Nc3 Nc6 3. Nf3 e6 4. d4 cxd4 5. Nxd4 Nf6 6. Be3 Bb4 7. Nxc6 bxc6 8. Bd3 d5 9. exd5 cxd5 10. O-O O-O 11. Ne2 Bd7 12. c3 Bd6 13. Bc2 Rb8 14. Rb1 Qa5 15. c4 Qxa2 16. c5 Be5 17. b4 Bb5 18. f4 Bxe2 19. Qxe2 Bc3 20. Bxh7+ Nxh7 21. Qxa2 Bxb4 22. c6 a5 23. c7 Rbc8 24. Rfc1 Nf6 25. Qa4 Rfe8 26. Qc6 d4 27. Bxd4 Nd5 28. Be5 Re7 29.
Qb7 Ree8 30. f5 Ra8 31. c8=Q Raxc8 32. Rxc8 Rf8 33. Rxf8+ Bxf8 34. fxe6 a4 35. Qxf7+ Kh7 36. Qxf8 Nf6 37. Bxf6 gxf6 38. e7 Kg6 39. e8=Q+ Kf5 40. Rf1+ Kg4 41. Qg6+ Kh4 42. Qfh6# 1-0

[Event "*** Titled Tuesday Blitz"]
[Site "Chess.com"]
[Date "2020.05.12"]
[Round "10"]
[White "Ekka83"]
[Black "jonaszmb"]
[Result "0-1"]
[WhiteElo "2373"]
[BlackElo "2508"]
[TimeControl "180+1"]
[EndTime "11:51:33 PDT"]
[Termination "jonaszmb won by resignation"]

1. e4 c5 2. Nf3 Nc6 3. Bb5 a6 4. Bxc6 dxc6 5. O-O Qc7 6. Qe2 e5 7. d3 Ne7 8. h3 Ng6 9. Nbd2 Nf4 10. Qe1 g5 11. Nc4 Rg8 12. Ncxe5 Bxh3 13. gxh3 Nxh3+ 14. Kh1 g4 15. Rg1 Nxg1 16. Qxg1 O-O-O 17. Nxg4 h5 18. Bg5 Be7 19. Bxe7 Qxe7 20. Qh2 hxg4 0-1

[Event "*** Titled Tuesday Blitz"]
[Site "Chess.com"]
[Date "2020.05.12"]
[Round "10"]
[White "Pintacara"]
[Black "mirochka"]
[Result "1-0"]
[WhiteElo "2294"]
[BlackElo "2160"]
[TimeControl "180+1"]
[EndTime "11:51:33 PDT"]
[Termination "Pintacara won by resignation"]

1. d4 Nf6 2. Bg5 c5 3. d5 Qb6 4. Nc3 Qxb2 5. Bd2 Qb6 6. e4 d6 7. f4 g6 8. Nf3 Bg7 9. Rb1 Qd8 10.
Bb5+ Nfd7 11. h4 h5 12. e5 a6 13. Bxd7+ Nxd7 14. Qe2 O-O 15. g4 hxg4 16. Ng5 dxe5 17.
h5 exf4 18. hxg6 fxg6 19. Qe6+ 1-0